General information
			
			
        
        - name: BNet
 
        - type: Ladder team game (AT/RT)
 
        - host: Battle.net
 
        - saver: BirdManDoes4s
 
        
map: GoldRush 
        - players: 8
 
        - length: 24:46
 
        - speed: Fast
 - version: 1.22 W3XP
 - replay type:  Public
 
» download(228 KB)
Players
        team 1 (winner) 
              
              
1st_Panzer_Div. (
blue | 117 APM | 2909 actions | 24:45)
              
 5 Death Knight 
 3 Death Coil
 2 Unholy Aura
 5 Lich 
 3 Frost Nova
 2 Dark Ritual
 3 Dreadlord 
 2 Sleep
 1 Vampiric Aura
 
                » actions 
                
                | Assign group hotkey | 319 |  | 
| Basic commands | 336 |  | 
| Build / train | 81 |  | 
| ESC pressed | 5 |  | 
| Enter build submenu | 26 |  | 
| Enter hero's abilities submenu | 13 |  | 
| Remove unit from queue | 1 |  | 
| Right click | 536 |  | 
| Select / deselect | 459 |  | 
| Select group hotkey | 937 |  | 
| Use ability | 196 |  | 
                2909 total
 » units 
                
                | Acolyte | 7 |  | 
| Ghoul | 3 |  | 
| Crypt Fiend | 11 |  | 
| Necromancer | 10 |  | 
| Obsidian Statue | 6 |  | 
                37 total
 » upgrades
                
                | Creature Attack | 1 |  | 
| Necromancer Training | 2 |  | 
| Skeletal Longevity | 1 |  | 
| Skeletal Mastery | 1 |  | 
| Web | 1 |  | 
| Destroyer Form | 1 |  | 
                7 total
 » buildings
                
                | Crypt | 1 |  | 
| Ziggurat | 9 |  | 
| Altar of Darkness | 1 |  | 
| Graveyard | 1 |  | 
| Tomb of Relics | 1 |  | 
| Nerubian Tower | 4 |  | 
| Halls of the Dead | 1 |  | 
| Slaughterhouse | 2 |  | 
| Spirit Tower | 2 |  | 
| Temple of the Damned | 1 |  | 
| Necropolis | 2 |  | 
| Black Citadel | 1 |  | 
                26 total
 » build order
                00:08 Crypt
00:13 Ziggurat
00:37 Altar of Darkness
01:06 Graveyard
01:45 Ziggurat
01:51 Tomb of Relics
04:11 Ziggurat
04:15 Nerubian Tower
04:55 Halls of the Dead
05:40 Ziggurat
07:24 Slaughterhouse
08:58 Spirit Tower
09:01 Temple of the Damned
10:21 Necropolis
10:56 Ziggurat
12:18 Ziggurat
12:38 Black Citadel
14:59 Nerubian Tower
15:07 Nerubian Tower
15:07 Spirit Tower
17:40 Necropolis
18:10 Ziggurat
19:03 Ziggurat
19:03 Ziggurat
19:33 Slaughterhouse
21:45 Nerubian Tower
» items
                
                | Rod of Necromancy | 3 |  | 
| Scroll of Speed | 1 |  | 
| Potion of Healing | 2 |  | 
| Orb of Corruption | 1 |  | 
| Scroll of Town Portal | 3 |  | 
| Boots of Speed | 1 |  | 
| Potion of Lesser Invulnerability | 1 |  | 
                12 total
  
               
              
              
BirdManDoes4s (
red | 84 APM | 2071 actions | 24:46)
              
 5 Tauren Chieftain 
 3 Shockwave
 2 Endurance Aura
 2 Shadow Hunter 
 1 Hex
 1 Healing Wave
 
                » actions 
                
                | Assign group hotkey | 16 |  | 
| Basic commands | 67 |  | 
| Build / train | 67 |  | 
| ESC pressed | 5 |  | 
| Enter build submenu | 30 |  | 
| Enter hero's abilities submenu | 7 |  | 
| Right click | 1097 |  | 
| Select / deselect | 390 |  | 
| Select group hotkey | 287 |  | 
| Use ability | 105 |  | 
                2071 total
 » units 
                
                | Peon | 25 |  | 
| Grunt | 7 |  | 
| Troll Batrider | 9 |  | 
| Wind Rider | 1 |  | 
                42 total
 » buildings
                
                | Altar of Storms | 2 |  | 
| Orc Burrow | 7 |  | 
| Barracks | 1 |  | 
| Voodoo Lounge | 2 |  | 
| War Mill | 2 |  | 
| Great Hall | 2 |  | 
| Stronghold | 2 |  | 
| Watch Tower | 7 |  | 
| Beastiary | 2 |  | 
                27 total
 » build order
                00:05 Altar of Storms
00:08 Orc Burrow
00:32 Barracks
01:33 Orc Burrow
02:02 Voodoo Lounge
03:37 War Mill
04:17 Great Hall
04:53 Stronghold
06:13 Watch Tower
06:15 Orc Burrow
07:09 Watch Tower
07:15 Watch Tower
08:08 Watch Tower
08:21 Watch Tower
08:55 Watch Tower
09:54 Watch Tower
10:55 Altar of Storms
11:50 War Mill
12:50 Orc Burrow
16:18 Stronghold
16:21 Orc Burrow
16:48 Orc Burrow
17:05 Orc Burrow
17:09 Voodoo Lounge
17:29 Great Hall
18:46 Beastiary
18:47 Beastiary
» items
                
                | Healing Salve | 3 |  | 
| Scroll of Speed | 1 |  | 
| Potion of Mana | 3 |  | 
| Potion of Healing | 2 |  | 
| Lesser Clarity Potion | 2 |  | 
| Scroll of Town Portal | 1 |  | 
                12 total
  
               
              
              
jack7daniels (
purple | 101 APM | 2507 actions | 24:45)
              
 5 Death Knight 
 3 Death Coil
 2 Unholy Aura
 4 Lich 
 2 Frost Nova
 2 Frost Armor
 3 Crypt Lord 
 2 Impale
 1 Spiked Carapace
 
                » actions 
                
                | Assign group hotkey | 6 |  | 
| Basic commands | 3 |  | 
| Build / train | 84 |  | 
| Enter build submenu | 29 |  | 
| Enter hero's abilities submenu | 12 |  | 
| Give item / drop item | 5 |  | 
| Right click | 1676 |  | 
| Select / deselect | 502 |  | 
| Select group hotkey | 51 |  | 
| Use ability | 139 |  | 
                2507 total
 » units 
                
                | Acolyte | 9 |  | 
| Ghoul | 6 |  | 
| Crypt Fiend | 15 |  | 
| Frost Wyrm | 6 |  | 
| Gargoyle | 1 |  | 
                37 total
 » upgrades
                
                | Creature Attack | 3 |  | 
| Burrow | 1 |  | 
| Web | 1 |  | 
| Creature Carapace | 3 |  | 
| Freezing Breath | 1 |  | 
                9 total
 » buildings
                
                | Graveyard | 1 |  | 
| Crypt | 2 |  | 
| Ziggurat | 11 |  | 
| Altar of Darkness | 1 |  | 
| Tomb of Relics | 1 |  | 
| Nerubian Tower | 1 |  | 
| Halls of the Dead | 2 |  | 
| Spirit Tower | 3 |  | 
| Black Citadel | 1 |  | 
| Sacrificial Pit | 1 |  | 
| Boneyard | 2 |  | 
                26 total
 » build order
                00:21 Graveyard
00:31 Crypt
00:48 Ziggurat
00:59 Altar of Darkness
01:16 Tomb of Relics
02:06 Ziggurat
02:33 Nerubian Tower
03:20 Ziggurat
05:17 Halls of the Dead
06:05 Ziggurat
06:09 Ziggurat
06:38 Ziggurat
06:47 Ziggurat
07:18 Spirit Tower
07:29 Spirit Tower
08:32 Black Citadel
09:29 Sacrificial Pit
09:53 Ziggurat
10:33 Crypt
11:10 Boneyard
11:23 Ziggurat
12:39 Boneyard
13:04 Ziggurat
16:48 Ziggurat
24:34 Spirit Tower
» items
                
                | Rod of Necromancy | 3 |  | 
| Dust of Appearance | 1 |  | 
| Potion of Lesser Invulnerability | 2 |  | 
| Potion of Healing | 3 |  | 
| Scroll of Town Portal | 1 |  | 
| Scroll of Healing | 2 |  | 
| Boots of Speed | 1 |  | 
                13 total
  
               
              
              
KNIFE]NOOBELF (
pink | 87 APM | 2143 actions | 24:45)
              
 3 Mountain King 
 2 Storm Bolt
 1 Bash
 5 Paladin 
 3 Holy Light
 2 Divine Shield
 
                » actions 
                
                | Assign group hotkey | 74 |  | 
| Basic commands | 61 |  | 
| Build / train | 90 |  | 
| Enter build submenu | 38 |  | 
| Enter hero's abilities submenu | 8 |  | 
| Give item / drop item | 2 |  | 
| Remove unit from queue | 1 |  | 
| Right click | 1056 |  | 
| Select / deselect | 255 |  | 
| Select group hotkey | 448 |  | 
| Use ability | 110 |  | 
                2143 total
 » units 
                
                | Peasant | 30 |  | 
| Footman | 6 |  | 
| Rifleman | 4 |  | 
| Siege Engine | 4 |  | 
                44 total
 » upgrades
                
                | Masonry | 2 |  | 
| Lumber Harvesting | 1 |  | 
| Gunpowder | 3 |  | 
| Barrage | 1 |  | 
| Plating | 2 |  | 
| Storm Hammers | 1 |  | 
                10 total
 » buildings
                
                | Lumber Mill | 1 |  | 
| Altar of Kings | 1 |  | 
| Barracks | 1 |  | 
| Farm | 12 |  | 
| Scout Tower | 8 |  | 
| Guard Tower | 3 |  | 
| Arcane Tower | 1 |  | 
| Town Hall | 4 |  | 
| Arcane Vault | 1 |  | 
| Keep | 1 |  | 
| Blacksmith | 2 |  | 
| Castle | 1 |  | 
| Workshop | 4 |  | 
| Gryphon Aviary | 3 |  | 
                43 total
 » build order
                00:09 Lumber Mill
00:20 Altar of Kings
00:36 Barracks
00:51 Farm
01:06 Farm
01:47 Scout Tower
02:13 Scout Tower
02:16 Scout Tower
02:18 Guard Tower
02:49 Arcane Tower
02:54 Farm
03:38 Town Hall
05:03 Arcane Vault
05:41 Town Hall
06:37 Keep
07:29 Scout Tower
07:31 Scout Tower
07:34 Scout Tower
08:07 Guard Tower
08:08 Blacksmith
08:11 Town Hall
10:21 Farm
10:28 Castle
12:44 Workshop
12:46 Workshop
12:48 Workshop
12:51 Workshop
14:24 Farm
14:25 Farm
15:12 Farm
15:12 Farm
16:38 Farm
18:42 Gryphon Aviary
18:43 Gryphon Aviary
18:44 Gryphon Aviary
18:56 Scout Tower
18:56 Scout Tower
19:13 Town Hall
19:41 Guard Tower
20:11 Farm
20:11 Farm
20:16 Farm
21:11 Blacksmith
» items
                
                | Boots of Speed | 2 |  | 
| Potion of Mana | 3 |  | 
| Potion of Healing | 4 |  | 
| Scroll of Town Portal | 1 |  | 
| Lesser Clarity Potion | 2 |  | 
| Scroll of Regeneration | 1 |  | 
| Orb of Fire | 2 |  | 
| Staff of Teleportation | 1 |  | 
| Staff of Sanctuary | 1 |  | 
                17 total
  
               team 2 (loser) 
              
              
D4MNYOURUGLY (
orange | 36 APM | 892 actions | 24:39)
              
 5 Death Knight 
 3 Death Coil
 2 Unholy Aura
 
                » actions 
                
                | Basic commands | 150 |  | 
| Build / train | 31 |  | 
| Enter build submenu | 17 |  | 
| Enter hero's abilities submenu | 5 |  | 
| Right click | 397 |  | 
| Select / deselect | 239 |  | 
| Use ability | 53 |  | 
                892 total
 » units 
                
                | Acolyte | 2 |  | 
| Ghoul | 2 |  | 
| Crypt Fiend | 9 |  | 
| Abomination | 3 |  | 
                16 total
 » upgrades
                » buildings
                
                | Crypt | 2 |  | 
| Ziggurat | 7 |  | 
| Altar of Darkness | 1 |  | 
| Graveyard | 1 |  | 
| Tomb of Relics | 1 |  | 
| Nerubian Tower | 1 |  | 
| Halls of the Dead | 1 |  | 
| Black Citadel | 1 |  | 
| Slaughterhouse | 2 |  | 
                17 total
 » build order
                00:26 Crypt
00:32 Ziggurat
00:35 Altar of Darkness
00:52 Ziggurat
01:22 Graveyard
02:20 Tomb of Relics
02:28 Ziggurat
02:40 Nerubian Tower
03:19 Crypt
05:03 Halls of the Dead
06:45 Ziggurat
09:28 Black Citadel
10:45 Slaughterhouse
10:48 Slaughterhouse
13:11 Ziggurat
15:06 Ziggurat
15:09 Ziggurat
» items
                
                | Rod of Necromancy | 1 |  | 
| Scroll of Town Portal | 1 |  | 
| Potion of Lesser Invulnerability | 1 |  | 
| Scroll of Healing | 1 |  | 
                4 total
  
               
              
              
FUNKSTER49 (
teal | 58 APM | 1439 actions | 24:45)
              
 5 Paladin 
 3 Holy Light
 2 Divine Shield
 4 Mountain King 
 2 Storm Bolt
 2 Bash
 
                » actions 
                
                | Assign group hotkey | 41 |  | 
| Basic commands | 178 |  | 
| Build / train | 111 |  | 
| ESC pressed | 1 |  | 
| Enter build submenu | 28 |  | 
| Enter hero's abilities submenu | 9 |  | 
| Right click | 247 |  | 
| Select / deselect | 322 |  | 
| Select group hotkey | 393 |  | 
| Use ability | 108 |  | 
                1439 total
 » units 
                
                | Peasant | 22 |  | 
| Footman | 21 |  | 
| Knight | 10 |  | 
| Priest | 9 |  | 
                62 total
 » upgrades
                
                | Defend | 1 |  | 
| Plating | 3 |  | 
| Swords | 3 |  | 
| Lumber Harvesting | 2 |  | 
| Priest Training | 2 |  | 
| Animal War Training | 1 |  | 
                12 total
 » buildings
                
                | Farm | 13 |  | 
| Altar of Kings | 1 |  | 
| Barracks | 2 |  | 
| Blacksmith | 1 |  | 
| Lumber Mill | 1 |  | 
| Town Hall | 2 |  | 
| Arcane Vault | 2 |  | 
| Keep | 3 |  | 
| Castle | 2 |  | 
| Arcane Sanctum | 1 |  | 
                28 total
 » build order
                00:04 Farm
00:04 Altar of Kings
00:05 Barracks
01:12 Farm
01:14 Farm
02:26 Farm
03:25 Blacksmith
03:50 Lumber Mill
04:46 Town Hall
05:39 Arcane Vault
05:41 Farm
07:04 Keep
07:04 Keep
09:47 Castle
09:48 Castle
10:04 Barracks
11:09 Arcane Sanctum
13:22 Farm
15:34 Farm
17:21 Farm
17:26 Arcane Vault
17:58 Farm
18:01 Farm
24:03 Farm
24:05 Farm
24:16 Farm
24:24 Town Hall
» items
                 
               
              
              
I)ARKNESS.FALLS (
green | 41 APM | 998 actions | 24:30)
              
 5 Crypt Lord 
 3 Carrion Beetles
 2 Spiked Carapace
 1 Death Knight 
 1 Death Coil
 
                » actions 
                
                | Basic commands | 36 |  | 
| Build / train | 46 |  | 
| Enter build submenu | 18 |  | 
| Enter hero's abilities submenu | 6 |  | 
| Right click | 536 |  | 
| Select / deselect | 308 |  | 
| Use ability | 48 |  | 
                998 total
 » units 
                
                | Acolyte | 2 |  | 
| Ghoul | 4 |  | 
| Crypt Fiend | 14 |  | 
| Obsidian Statue | 7 |  | 
| Abomination | 2 |  | 
| Gargoyle | 2 |  | 
                31 total
 » upgrades
                » buildings
                
                | Crypt | 2 |  | 
| Ziggurat | 6 |  | 
| Altar of Darkness | 1 |  | 
| Graveyard | 1 |  | 
| Tomb of Relics | 1 |  | 
| Halls of the Dead | 1 |  | 
| Slaughterhouse | 1 |  | 
| Black Citadel | 1 |  | 
                14 total
 » build order
                00:09 Crypt
00:13 Ziggurat
00:35 Altar of Darkness
01:11 Graveyard
02:16 Tomb of Relics
02:20 Ziggurat
03:09 Ziggurat
03:33 Crypt
04:21 Halls of the Dead
07:20 Slaughterhouse
07:29 Ziggurat
09:13 Black Citadel
11:29 Ziggurat
13:41 Ziggurat
» items
                 
               
              
              
IWINKTHXBYE (
yellow | 60 APM | 1470 actions | 24:23)
              
 6 Death Knight 
 3 Death Coil
 2 Unholy Aura
 1 Animate Dead
 
                » actions 
                
                | Assign group hotkey | 178 |  | 
| Basic commands | 1 |  | 
| Build / train | 48 |  | 
| Enter build submenu | 15 |  | 
| Enter hero's abilities submenu | 6 |  | 
| Remove unit from queue | 2 |  | 
| Right click | 765 |  | 
| Select / deselect | 212 |  | 
| Select group hotkey | 161 |  | 
| Use ability | 82 |  | 
                1470 total
 » units 
                
                | Acolyte | 2 |  | 
| Crypt Fiend | 14 |  | 
| Ghoul | 3 |  | 
| Frost Wyrm | 4 |  | 
                23 total
 » upgrades
                
                | Web | 1 |  | 
| Creature Attack | 1 |  | 
| Creature Carapace | 1 |  | 
                3 total
 » buildings
                
                | Graveyard | 1 |  | 
| Crypt | 1 |  | 
| Ziggurat | 7 |  | 
| Altar of Darkness | 2 |  | 
| Tomb of Relics | 2 |  | 
| Nerubian Tower | 1 |  | 
| Halls of the Dead | 1 |  | 
| Spirit Tower | 2 |  | 
| Sacrificial Pit | 1 |  | 
| Black Citadel | 1 |  | 
| Boneyard | 2 |  | 
                21 total
 » build order
                00:21 Graveyard
00:24 Crypt
00:40 Ziggurat
01:01 Altar of Darkness
01:14 Ziggurat
02:19 Tomb of Relics
03:14 Nerubian Tower
05:51 Ziggurat
05:52 Ziggurat
07:09 Halls of the Dead
07:19 Spirit Tower
09:15 Ziggurat
10:32 Sacrificial Pit
10:34 Black Citadel
11:22 Ziggurat
13:00 Boneyard
13:00 Boneyard
17:06 Spirit Tower
17:17 Ziggurat
19:02 Altar of Darkness
19:05 Tomb of Relics
» items
                
                | Rod of Necromancy | 3 |  | 
| Scroll of Town Portal | 1 |  | 
| Potion of Healing | 4 |  | 
                8 total
  
                Chat log
          (00:12 / Allies) jack7daniels: i owned this team before
(00:14 / Allies) jack7daniels: they clan ggmf
(00:20 / Allies) 1st_Panzer_Div.: they got 3 undeads
(00:28 / Allies) KNIFE]NOOBELF: talons tinker rushed them earlier
(00:35 / Allies) jack7daniels: nice
(00:38 / Allies) BirdManDoes4s: but then again
(00:42 / Allies) BirdManDoes4s: talons doesnt lose very often
(00:44 / Allies) 1st_Panzer_Div.: so does my ass
(00:46 / Allies) BirdManDoes4s: im not talons
(00:54 / Allies) 1st_Panzer_Div.: no I know
(00:58 / Allies) 1st_Panzer_Div.: no way you're not talons
(00:58 / All) FUNKSTER49: rofl
(01:03 / All) 1st_Panzer_Div.: ?
(01:03 / All) FUNKSTER49: this fucking map
(01:03 / All) BirdManDoes4s: < TALONSAREIMBA
(01:04 / All) FUNKSTER49: all the time
(01:15 / All) 1st_Panzer_Div.: we actually wanted the best map ever
(01:16 / All) KNIFE]NOOBELF: who are you talking to
(01:17 / All) IWINKTHXBYE:  /care
(01:18 / All) BirdManDoes4s: remember that tinker rush
(01:21 / All) BirdManDoes4s: we raped u with
(01:22 / All) BirdManDoes4s: lol
(01:27 / All) IWINKTHXBYE: you didnt rape us actually
(01:28 / All) BirdManDoes4s: dam you guys rely on tinkers so imba
(01:29 / All) 1st_Panzer_Div.: YOU SAID RAPE ON B.NET
(01:30 / All) 1st_Panzer_Div.: BANNED
(01:33 / All) IWINKTHXBYE: we killed 3 of your heros, and like all your units
(01:38 / All) BirdManDoes4s: and hen you lsot
(01:40 / All) BirdManDoes4s: a hu base
(01:42 / All) BirdManDoes4s: and a ud goldmine
(01:44 / All) IWINKTHXBYE: because we left
(01:47 / All) BirdManDoes4s: lmao
(01:53 / All) IWINKTHXBYE: dude it took you 5 minutes to kill that goldmine
(01:54 / All) IWINKTHXBYE: noob
(01:56 / All) I)ARKNESS.FALLS: so are you gonna od that shit again?
(01:57 / All) BirdManDoes4s: lmao
(01:58 / All) 1st_Panzer_Div.: oh man
(01:58 / All) BirdManDoes4s: I had an expo
(01:59 / All) I)ARKNESS.FALLS: like little fags
(01:59 / All) BirdManDoes4s: up
(02:03 / All) IWINKTHXBYE:  /care
(02:03 / All) 1st_Panzer_Div.: it took 5 minutes to lose?
(02:03 / All) BirdManDoes4s: teching to t3
(02:05 / All) BirdManDoes4s: it was over
(02:14 / All) 1st_Panzer_Div.: guess why he's called birdman?
(02:14 / All) IWINKTHXBYE: no it took 5 mins for them to kill a gold mine with 4 tinkers and units
(02:15 / All) 1st_Panzer_Div.: guess why?
(02:19 / All) 1st_Panzer_Div.: GUESS FUCKER
(02:24 / All) IWINKTHXBYE: becauyse hes a nigger
(02:29 / All) 1st_Panzer_Div.: what?
(02:32 / All) IWINKTHXBYE: because
(02:33 / All) IWINKTHXBYE: hes
(02:33 / All) IWINKTHXBYE: a
(02:35 / All) IWINKTHXBYE: nigger
(02:36 / All) I)ARKNESS.FALLS: stfu blue
(02:37 / All) IWINKTHXBYE: you understand?
(02:38 / All) I)ARKNESS.FALLS: dont talk
(02:40 / All) I)ARKNESS.FALLS: bitch
(02:43 / All) IWINKTHXBYE: piece of shit
(02:43 / All) 1st_Panzer_Div.: yea I think it's best
(02:49 / All) 1st_Panzer_Div.: I think it'll lower my iq...
(03:02 / All) I)ARKNESS.FALLS: its already low enough don't do that
(03:04 / All) I)ARKNESS.FALLS: dumb shit
(03:09 / All) IWINKTHXBYE: no shit nigger
(03:11 / All) IWINKTHXBYE: go to school
(03:33 / All) IWINKTHXBYE: wow pro blue
(03:37 / All) 1st_Panzer_Div.: what?
(03:47 / All) 1st_Panzer_Div.: I did damage and he didn't?
(03:47 / All) IWINKTHXBYE: you obviously dont understand english you piece of shit
(03:54 / All) 1st_Panzer_Div.: yes....
(03:58 / All) IWINKTHXBYE: what did you do? a whole 50 dmg
(04:01 / All) IWINKTHXBYE: good job pro
(04:05 / All) 1st_Panzer_Div.: 50 > 0?
(04:09 / All) IWINKTHXBYE: who cares
(04:12 / All) IWINKTHXBYE: you didnt kill anyhing
(04:13 / All) 1st_Panzer_Div.: you do
(04:15 / All) KNIFE]NOOBELF: 50>0
(04:16 / All) KNIFE]NOOBELF: !
(04:17 / All) KNIFE]NOOBELF: !
(04:46 / All) BirdManDoes4s: thought we were rushing lol
(05:00 / All) IWINKTHXBYE: stfu black
(05:05 / All) BirdManDoes4s: racist
(05:10 / All) IWINKTHXBYE: gtfo
(05:11 / All) 1st_Panzer_Div.: call me a jew plz
(07:31 / Allies) 1st_Panzer_Div.: what was that?
(07:33 / All) BirdManDoes4s: 360 mana tc.
(07:34 / Allies) 1st_Panzer_Div.: your bird is in your ass?
(07:52 / Allies) jack7daniels: tp
(09:02 / Allies) jack7daniels: heal omg
(10:56 / All) I)ARKNESS.FALLS: leave
(10:59 / All) IWINKTHXBYE: rofl
(11:05 / All) I)ARKNESS.FALLS: ur our bitches now
(11:14 / All) I)ARKNESS.FALLS: get used to suckin dick
(11:15 / All) I)ARKNESS.FALLS: bitch
(12:28 / Allies) jack7daniels: b
(14:33 / Allies) KNIFE]NOOBELF: 5 boneyards
(14:34 / Allies) KNIFE]NOOBELF: go
(14:39 / All) I)ARKNESS.FALLS: leave time
(14:56 / All) FUNKSTER49: i told you
(15:02 / All) FUNKSTER49: you had to rely on that stupid fucking tinker strat
(15:03 / All) FUNKSTER49: it was gay
(15:56 / Allies) jack7daniels: mass fiends nice
(16:30 / All) BirdManDoes4s: lol
(16:35 / All) KNIFE]NOOBELF:  bye
(16:37 / Allies) BirdManDoes4s: knife wood
(16:39 / Allies) BirdManDoes4s: so i can expo
(16:40 / All) IWINKTHXBYE: leave noobs.
(17:38 / Allies) 1st_Panzer_Div.: panzer will take gold
(17:38 / Allies) 1st_Panzer_Div.: ty
(17:51 / Allies) 1st_Panzer_Div.: they got some wryms
(19:24 / Allies) 1st_Panzer_Div.: that's interesting
(19:38 / Allies) 1st_Panzer_Div.: wood?
(19:44 / Allies) BirdManDoes4s: lol
(19:45 / Allies) BirdManDoes4s: no expos
(19:54 / Allies) jack7daniels: main
(19:55 / Allies) jack7daniels: nm
(20:04 / Allies) BirdManDoes4s: 1
(20:58 / Allies) 1st_Panzer_Div.: I have no gold lol :(
(20:59 / Allies) jack7daniels: nothing
(21:02 / Allies) BirdManDoes4s: ?
(21:12 / Allies) BirdManDoes4s: ziggs?
(21:18 / Allies) 1st_Panzer_Div.: ?
(21:21 / Allies) BirdManDoes4s: lol
(23:10 / All) BirdManDoes4s: rofl
(23:14 / All) jack7daniels: rolled?
(23:20 / All) BirdManDoes4s: god dam
(24:00 / All) BirdManDoes4s: ahahahah
(24:02 / All) BirdManDoes4s: ROFLMAO
(24:06 / All) jack7daniels: ur my bitch again
(24:09 / All) 1st_Panzer_Div.: man you raped us again
(24:17 / All) BirdManDoes4s: DO US A FAVOR
(24:19 / All) BirdManDoes4s: STOP SEARCHING
(24:20 / All) IWINKTHXBYE: dude, you suck get over yourself piece of shit, and purple, we beat you like 2 days ago you nigger
(24:21 / All) BirdManDoes4s: UNISTALL
(24:21 / All) jack7daniels: did u
(24:24 / All) 1st_Panzer_Div.: !v1
(24:25 / All) 1st_Panzer_Div.: bitch
(24:26 / All) 1st_Panzer_Div.: 1v1
(24:29 / All) I)ARKNESS.FALLS: stfu you guys are bitches
(24:34 / All) BirdManDoes4s: ROFL
(24:34 / All) 1st_Panzer_Div.: you guys are noobs
(24:39 / All) jack7daniels: who started shit talk?
(24:41 / All) jack7daniels: plz tell me
(24:45 / All) 1st_Panzer_Div.: the noobs did